 Dungeon Crawl Stone Soup version 0.21.1-1-g345015fe64 (webtiles) character file.

75 Kohma the Poker (level 4, 0/34 HPs)
             Began as a Merfolk Skald on July 6, 2018.
             Slain by a worm (6 damage)
             ... on level 2 of the Dungeon.
             The game lasted 00:12:40 (2916 turns).

Kohma the Poker (Merfolk Skald)                     Turns: 2916, Time: 00:12:41

Health: 0/34       AC:  3    Str: 11    XL:     4   Next: 31%
Magic:  7/7        EV: 13    Int: 13    God:
Gold:   154        SH:  0    Dex: 13    Spells: 2/7 levels left

rFire    . . .     SeeInvis .   a - +0 spear
rCold    . . .     Gourm    .   (no shield)
rNeg     . . .     Faith    .   b - +0 leather armour
rPois    .         Spirit   .   (no helmet)
rElec    .         Reflect  .   (no cloak)
rCorr    .         Harm     .   (no gloves)
MR       .....                  (no boots)
Stlth    +.........             (no amulet)
HPRegen  0.11/turn              (no ring)
MPRegen  0.10/turn              (no ring)

@: no status effects
A: change form in water, swift swim, stealthy swim
a: no special abilities


You were on level 2 of the Dungeon.
You were not hungry.

You visited 1 branch of the dungeon, and saw 2 of its levels.

You collected 154 gold pieces.

Inventory:

Hand Weapons
 a - a +0 spear (weapon)
Missiles
 g - 8 tomahawks
 k - 43 stones
 l - 4 javelins (quivered)
Armour
 b - a +0 leather armour (worn)
Jewellery
 n - a +2 ring of protection {unknown}
Scrolls
 h - 2 scrolls of teleportation {unknown}
 i - 2 scrolls of remove curse {unknown}
 j - a scroll of immolation {unknown}
 m - a scroll of enchant weapon {unknown}
Potions
 e - a potion of haste {unknown}
 f - 3 potions of heal wounds {unknown}
 o - a potion of curing {unknown}
Books
 c - a book of Battle

   Spells                             Type                      Level
   a - Infusion                       Charms                       1
   b - Shroud of Golubria             Charms/Translocation         2
   c - Song of Slaying                Charms                       2
   d - Spectral Weapon                Hexes/Charms                 3
   e - Regeneration                   Charms/Necromancy            3
Comestibles
 d - a ration
 p - 3 chunks of flesh


   Skills:
 + Level 2.7 Fighting
 * Level 4.5 Polearms
 - Level 0.6 Armour
 + Level 3.5 Dodging
 - Level 2.1 Spellcasting
 + Level 3.8 Charms


You had 2 spell levels left.
You knew the following spells:

 Your Spells              Type           Power        Failure   Level  Hunger
a - Infusion              Chrm           ##..         7%          1    ##.....
b - Song of Slaying       Chrm           ##......     10%         2    ###....
c - Shroud of Golubria    Chrm/Tloc      #.........   22%         2    ###....


Dungeon Overview and Level Annotations

Branches:
Dungeon (2/15)

Altars:
Fedhas
Trog
Uskayaw


Message History

The rat looks more energetic.
Evoke which item? (* to show all) (? for menu, Esc to quit)
Attack whom?
Press: ? - help, Dir - move target cursor, f - rat
Aim: a rat You reach to attack!
You hit the rat but do no damage.
The worm looks more energetic.
Evoke which item? (* to show all) (? for menu, Esc to quit)
Attack whom?
Press: ? - help, Dir - move target cursor, f/p - rat
Aim: a rat You closely miss the rat.
The rat bites you but does no damage.
You barely miss the rat. The rat closely misses you.
Evoke which item? (* to show all) (? for menu, Esc to quit)
Attack whom?
Press: ? - help, Dir - move target cursor, f/p - rat
Aim: a rat You hit the rat but do no damage.
The rat misses you. The worm bites you.
You die...

.##................+.....'....#
.##########.########....÷######
.# #.....# #..........÷..# .#
#.##### #.###########.#
.######.####### #.# #.#
......#.......###.###########.###
#####.#######....................
#.# #########.############.##
#####.###....w.r@................
........'......w..........>###.##
######.##.............#.#### #.#
####)#####...######.#.######.#
###....## #...# #............#
.##.....# #...####.####.####..##
.w......## #........##.....##..#.
###......# #..#####.#.......#..#.
#....#.###......#.#.(.....#..#.


You could see 2 worms and a rat.

Vanquished Creatures
  An adder (D:2)
  3 worms (D:2)
  3 dart slugs (D:1)
  A leopard gecko (D:1)
  8 bats
  4 giant cockroaches
  2 goblins
  9 hobgoblins
  3 jackals (D:2)
  A quokka (D:2)
  5 frilled lizards
  4 kobolds
  6 rats
50 creatures vanquished.

Notes
Turn   | Place    | Note
-------+----------+-------------------------------------------
     0 | D:1      | Kohma the Merfolk Skald began the quest for the Orb.
     0 | D:1      | Reached XP level 1. HP: 16/16 MP: 3/3
   305 | D:1      | Reached XP level 2. HP: 22/22 MP: 0/5
   372 | D:1      | Learned a level 2 spell: Song of Slaying
   375 | D:1      | Learned a level 2 spell: Shroud of Golubria
  1173 | D:1      | Reached XP level 3. HP: 25/28 MP: 3/6
  1643 | D:1      | Reached skill level 4 in Polearms
  2173 | D:2      | Found a blossoming altar of Fedhas.
  2244 | D:2      | Reached XP level 4. HP: 29/34 MP: 4/7
  2691 | D:2      | Found a hide-covered altar of Uskayaw.
  2867 | D:2      | Noticed a moth of wrath
  2870 | D:2      | Found a bloodstained altar of Trog.
  2916 | D:2      | Slain by a worm

Skill      XL: |  1  2  3 |
---------------+----------+-----
Dodging        | 3 |  3.5
Polearms       | 4 |  4.5
Fighting       | |  2.7
Armour         | |  0.6
Spellcasting   | |  2.1
Charms         | |  3.8

Action                   |  1- 3 |  4- 6 || total
-------------------------+-------+-------++-------
Melee: Spear             |   187 |    48 ||   235
 Cast: Infusion          |    10 |     1 ||    11
       Shroud of Golubri |     3 |       ||     3
       Song of Slaying   |     1 |     1 ||     2
  Eat: Ration            |     1 |       ||     1
       Chunk             |     2 |     2 ||     4
Armor: Leather armour    |    40 |    13 ||    53
Dodge: Dodged            |   104 |    27 ||   131
